 Dungeon Crawl Stone Soup version 0.31-a0-1309-gbf3fed316f (webtiles) character file.

Game seed: 13712302371823017259

111274 Impy the Warrior (level 16, -6/135 HPs)
             Began as a Djinni Conjurer on Dec 20, 2023.
             Was the Champion of Jiyva.
             Shot with an arrow by a centaur (9 damage)
             ... led by a centaur warrior
             ... on level 14 of the Dungeon.
             The game lasted 01:27:15 (18610 turns).

Impy the Warrior (Djinni Conjurer)                 Turns: 18610, Time: 01:27:15

Health: -6/135     AC: 12    Str: 10    XL:     16   Next: 7%
Gold:   312        EV: 18    Int: 26    God:    Jiyva [******] SH:  5 Dex: 18

rFire   + + +        s - +12 broad axe of Capital Punishment {elec, rC+ rCorr}
rCold   . . .        (no shield)
rNeg    + . .        m - +2 robe {Will+}
rPois   ∞            l - +3 helmet of Maptuev {rN+ Str+4}
rElec   +            i - +1 cloak
rCorr   +            E - -1 pair of gloves of the Depths {rElec Will+}
SInv    +            (boots unavailable)
Will    +++..        h - amulet of reflection
Stlth   ++           v - ring "Vurure" {rPois Dex+4 SInv}
HPRegen 2.02/turn    x - +5 ring of evasion
MPRegen 0.00/turn

%: reflection, infuse magic (-7 HP)
@: flying
A: sickness immunity, fire resistance 3, cold vulnerability 1, float, innate
caster, HP casting, extra vitality 1, iridescent scales 1, mutation resistance
2, acidic bite, gelatinous body 1, pseudopods 3, jelly absorbing missiles
}: 1/15 runes: slimy
a: Renounce Religion, Oozemancy, Slimify


You were on level 14 of the Dungeon.
You worshipped Jiyva.
Jiyva was exalted by your worship.
You visited 4 branches of the dungeon, and saw 26 of its levels.
You also visited: Sewer.

You collected 1381 gold pieces.
You spent 1069 gold pieces at shops.

Inventory:

Hand Weapons
 s - the +12 broad axe of Capital Punishment (weapon) {elec, rC+ rCorr}
   (You found it on level 5 of the Pits of Slime)

   rC+:       It protects you from cold.
   rCorr:     It protects you from acid and corrosion.
Armour
 i - a +1 cloak (worn)
 l - the +3 helmet of Maptuev (worn) {rN+ Str+4}
   (You bought it in a shop on level 6 of the Dungeon)

   Str+4:     It affects your strength (+4).
   rN+:       It protects you from negative energy.
 m - a +2 robe of willpower (worn)
 t - the +5 leather armour of Insecurity {rElec}
   (You found it on level 5 of the Pits of Slime)

   rElec:     It insulates you from electricity.
 y - the +5 scale mail of the Fiddle {rC+ Int+8}
   (You found it on level 5 of the Lair of Beasts)

   Int+8:     It affects your intelligence (+8).
   rC+:       It protects you from cold.
 B - a +0 troll leather armour
 D - a +1 leather armour of cold resistance
 E - the -1 pair of gloves of the Depths (worn) {rElec Will+}
   (You bought it in a shop on level 12 of the Dungeon)

   rElec:     It insulates you from electricity.
   Will+:     It increases your willpower.
Magical Staves
 u - a staff of earth
 A - a staff of cold
 C - a staff of air
Jewellery
 h - an amulet of reflection (around neck)
 v - the ring "Vurure" (left hand) {rPois Dex+4 SInv}
   (You found it on level 5 of the Pits of Slime)

   [ring of see invisible]

   Dex+4:     It affects your dexterity (+4).
   rPois:     It protects you from poison SInv: It lets you see invisible.
 x - a +5 ring of evasion (right hand)
 z - a ring of ice
Wands
 o - a wand of mindburst (21)
 w - a wand of paralysis (7)
Scrolls
 a - a scroll of fear
 e - 2 scrolls of brand weapon
 f - 5 scrolls of enchant weapon
 j - 5 scrolls of teleportation
 n - 2 scrolls of revelation
 p - 2 scrolls of poison
 r - 2 scrolls of immolation
 G - a scroll of enchant armour
Potions
 b - 4 potions of haste
 c - 2 potions of mutation
 d - 3 potions of invisibility
 g - 3 potions of curing
 k - a potion of berserk rage
 q - 2 potions of lignification


   Skills:
 + Level 19.0 Fighting
 - Level 2.1 Dodging
 - Level 1.5 Stealth
 + Level 15.0 Spellcasting
 + Level 15.0 Conjurations
 + Level 15.0 Hexes
 + Level 15.0 Summonings
 + Level 15.0 Necromancy
 + Level 15.0 Translocations
 + Level 15.0 Transmutations
 + Level 15.0 Fire Magic
 + Level 15.0 Ice Magic
 + Level 15.0 Air Magic
 + Level 15.0 Earth Magic
 + Level 15.0 Poison Magic


You knew the following spells:

 Your Spells              Type           Power      Damage    Failure   Level
a - Magic Dart            Conj           100%       1d8       0%          1
b - Searing Ray           Conj           100%       2d8       0%          2
c - Dazzling Flash        Conj/Hex       100%       N/A       1%          3
d - Fulminant Prism       Conj/Hex       39%        3d17      1%          4
e - Iskenderun's Mystic   Conj/Tloc      78%        2d16      1%          4
f - Shock                 Conj/Air       100%       1d9       0%          1
g - Static Discharge      Conj/Air       100%       3-8/arc   0%          2
h - Sigil of Binding      Hex            78%        N/A       1%          3
i - Flame Wave            Conj/Fire      78%        2d17      1%          4
j - Airstrike             Air            39%        2d(6-22)  1%          4
k - Irradiate             Conj/Tmut      39%        3d24      1%          5
l - Simulacrum            Ice/Necr       39%        N/A       1%          6
Your spell library was empty.

Dungeon Overview and Level Annotations

Branches:
Dungeon (14/15)            Temple (0/1) D:5            Lair (5/5) D:8
  Swamp (0/4) Lair:3       Spider (0/4) Lair:2        Slime (5/5) Lair:4
    Orc (2/2) D:12            Elf (0/3) Orc:2        Vaults (0/5) D:14
  Sewer (visited)

Altars:
Dithmenos
Elyvilon
Nemelex Xobeh
Jiyva

Shops:
D:6 [   D:7 *   D:8 [*   D:12 :[?!?   Orc:1 ?   Orc:2 :?[*=

Portals:
Pandemonium: Orc:2

Annotations:
Slime:5 Royal Jelly


Innate Abilities, Weirdness & Mutations

You are immune to sickness and miasma.
You are immune to poison.
Your flesh is almost immune to the effects of heat. (rF+++)
You are vulnerable to cold. (rC-)
You float through the air rather than walking.
You learn spells naturally, not from books.
Your magical power is your life essence.
You have superior vitality. (+4 MHP)
You are partially covered in iridescent scales. (AC +2)
You are somewhat resistant to both further mutation and mutation removal.
You have acidic saliva.
Your rubbery body absorbs attacks. (AC +1, EV +1)
Armour fits poorly on your massive pseudopods.
You have a small jelly attached to you that may absorb projectiles.


Message History

The centaur warrior shoots an arrow.
The arrow hits you!
* * * LOW HITPOINT WARNING * * *
Your attached jelly eats the arrow!
You feel better.
The centaur shoots an arrow.
The arrow hits you.
* * * LOW HITPOINT WARNING * * *
Your attached jelly eats the arrow!
You feel better.
The centaur warrior shoots an arrow.
The arrow completely misses you. The four-headed hydra bites you!
* * * LOW HITPOINT WARNING * * *
The four-headed hydra bites you.
* * * LOW HITPOINT WARNING * * *
The four-headed hydra bites you but does no damage.
The four-headed hydra bites you.
* * * LOW HITPOINT WARNING * * *
The centaur warrior shoots an arrow.
The arrow hits you!
* * * LOW HITPOINT WARNING * * *
Your attached jelly eats the arrow!
You feel better.
Okay, then.
Blink to where?
Press: ? - help, Dir - move target, p - centaur warrior
Found a potion of curing.
As you read the scroll of blinking, it crumbles to dust.
The centaur warrior shoots an arrow.
The arrow hits you!
* * * LOW HITPOINT WARNING * * *
Your attached jelly eats the arrow!
You feel better.
The centaur warrior shoots an arrow.
The arrow hits you.
* * * LOW HITPOINT WARNING * * *
Your attached jelly eats the arrow!
You feel better.
You feel better.
The centaur warrior shoots an arrow.
The arrow hits you!
* * * LOW HITPOINT WARNING * * *
Your attached jelly eats the arrow!
You feel better.
The centaur warrior shoots an arrow.
The arrow hits you!
* * * LOW HITPOINT WARNING * * *
Your attached jelly eats the arrow!
You feel better.
The centaur warrior shoots an arrow.
The arrow hits you!
* * * LOW HITPOINT WARNING * * *
Your attached jelly eats the arrow!
You feel better.
The centaur warrior shoots an arrow.
The arrow misses you.
The centaur shoots an arrow.
The arrow hits you!
You die...

... ... ... # #.#
#.####.# #.#....#.#
.......#.####
.......@....##.#..###
..######!...##.#....#
#.#...c......#
.V..$......$.#
.............#
....ccD†).†...#
.....E.co.....#
......○..<∩....#
...☼...><†...#


You could see an orc knight, 2 centaur warriors, a fire elemental (summoned), a
vampire and a centaur.

Vanquished Creatures
  2 dire elephants (Lair:5)
  Josephine (D:10)
  Snorg (Lair:4)
  Erolcha (D:12)
  3 boulder beetles
  2 demonspawn (Orc:2)
  2 centaur warriors
  2 hydras
  2 catoblepae (Lair:5)
  4 two-headed ogres
  7 death yaks
  A hell hog (Lair:5)
  7 orc high priests
  A fire crab (Lair:5)
  A lindwurm (Lair:5)
  6 orc knights
  Pikel (D:7)
  A deep elf pyromancer (D:11)
  An ugly thing (D:12)
  3 cyclopes (D:13)
  A wolf spider (Lair:2)
  6 orc sorcerers (Orc:2)
  13 elephants
  4 manticores
  A smoke demon (Orc:2)
  3 orange demons (Orc:2)
  6 black mambas
  3 kobold blastminers (Orc:1)
  A gargoyle (D:10)
  An unseen horror (D:12)
  A torpor snail (Lair:4)
  12 cane toads
  5 komodo dragons
  3 rime drakes
  5 trolls
  A red devil (Orc:2)
  A hellwing (Orc:2)
  14 polar bears
  3 hornets
  A hornet (shapeshifter) (D:13)
  3 raiju (Lair:5)
  3 dream sheep (Lair:5)
  A jumping spider (Lair:2)
  6 wraiths
  6 wyverns
  A shadow (D:9)
  49 yaks
  Eustachio (D:5)
  4 basilisks
  16 humans
  10 wargs
  5 steam dragons
  11 water moccasins
  2 acid dragons
  14 hell hounds (Lair:5)
  An ice beast (D:8)
  12 black bears
  28 orc warriors
  6 ogres
  24 wolves
  3 centaurs
  A kobold brigand (D:11)
  8 bullfrogs
  9 scorpions
  2 gnoll sergeants
  9 wights (D:9)
  13 killer bees
  3 howler monkeys
  26 orc priests
  6 hounds
  4 jellies (Sewer)
  7 hell rats
  22 orc wizards
  A sleepcap (D:4)
  Robin (D:2)
  13 gnolls
  10 adders
  A river rat (Sewer)
  A shadow imp (D:7)
  9 white imps
  2 ufetubi (D:6)
  2 worms
  77 orcs
  16 endoplasms
  6 giant cockroaches
  15 goblins
  5 hobgoblins
  2 jackals (D:1)
  5 kobolds
  4 quokkas
  9 ball pythons
  10 bats
  6 frilled lizards
  10 rats
655 creatures vanquished.

Vanquished Creatures (collateral kills)
  A howler monkey (D:12)
1 creature vanquished.

Vanquished Creatures (others)
  A kobold demonologist (D:11)
  A water moccasin (Lair:1)
  A sky beast (D:8)
  2 black bears
  An ice beast (D:7)
  A phantom (D:5)
  A bullfrog (D:6)
  A scorpion (D:5)
  A killer bee (D:9)
  A howler monkey (D:8)
  75 jellies
  2 orc priests
  6 orc wizards
  4 white imps (Lair:5)
  5 orcs
  A ball python (D:4)
  3 kobolds (D:11)
  38 fulminant prisms
145 creatures vanquished.

Grand Total: 801 creatures vanquished

Notes
Turn   | Place    | Note
-------+----------+-------------------------------------------
     0 | D:1      | Impy the Djinni Conjurer began the quest for the Orb.
     0 | D:1      | Impy set off with the following spells memorised: Magic
                  | Dart, Searing Ray, Dazzling Flash, Fulminant Prism,
                  | Iskenderun's Mystic Blast.
     0 | D:1      | Reached XP level 1. HP: 15/15 MP: 0/0
   187 | D:1      | Reached XP level 2. HP: 19/22 MP: 0/0
   212 | D:1      | Reached skill level 1 in Fighting
   966 | D:2      | Noticed Robin
  1067 | D:2      | Reached XP level 3. HP: 25/27 MP: 0/0
  1067 | D:2      | Learned a level 1 spell: Shock
  1227 | D:2      | Killed Robin
  1228 | D:2      | Reached skill level 2 in Fighting
  1254 | D:2      | Reached XP level 4. HP: 16/33 MP: 0/0
  1812 | D:2      | Reached XP level 5. HP: 38/40 MP: 0/0
  1812 | D:2      | Learned a level 2 spell: Static Discharge
  1883 | D:2      | Reached skill level 3 in Fighting
  2424 | D:3      | Found a glowing drain.
  2433 | Sewer    | Entered a sewer
  2718 | Sewer    | Reached XP level 6. HP: 42/46 MP: 0/0
  2809 | Sewer    | Reached skill level 4 in Fighting
  2819 | Sewer    | Found a viscous altar of Jiyva.
  2841 | Sewer    | Became a worshipper of Jiyva Jophaoxe the Shapeless
  3360 | D:3      | Reached * piety under Jiyva
  3394 | D:3      | Reached XP level 7. HP: 47/53 MP: 0/0
  3394 | D:3      | Learned a level 3 spell: Sigil of Binding
  3606 | D:4      | Reached skill level 5 in Spellcasting
  3606 | D:4      | Reached skill level 5 in Conjurations
  3606 | D:4      | Reached skill level 5 in Hexes
  3606 | D:4      | Reached skill level 5 in Summonings
  3606 | D:4      | Reached skill level 5 in Necromancy
  3606 | D:4      | Reached skill level 5 in Translocations
  3606 | D:4      | Reached skill level 5 in Transmutations
  3606 | D:4      | Reached skill level 5 in Fire Magic
  3606 | D:4      | Reached skill level 5 in Ice Magic
  3606 | D:4      | Reached skill level 5 in Air Magic
  3606 | D:4      | Reached skill level 5 in Earth Magic
  3606 | D:4      | Reached skill level 5 in Poison Magic
  3743 | D:4      | Reached ** piety under Jiyva
  4033 | D:4      | Reached skill level 5 in Fighting
  4363 | D:5      | Entered Level 5 of the Dungeon
  4462 | D:5      | Reached XP level 8. HP: 60/60 MP: 0/0
  4505 | D:5      | Noticed Eustachio
  4512 | D:5      | Killed Eustachio
  4513 | D:5      | Reached skill level 6 in Fighting
  4543 | D:5      | Reached *** piety under Jiyva
  4557 | D:5      | Found a staircase to the Ecumenical Temple.
  4992 | D:6      | Reached skill level 7 in Fighting
  5018 | D:6      | Found Jifell's Antique Armour Shop.
  5103 | D:6      | Reached XP level 9. HP: 37/68 MP: 0/0
  5103 | D:6      | Learned a level 4 spell: Flame Wave
  5427 | D:7      | Identified the +6 falchion "Hojucar" {drain, *Rage rElec
                  | rC- SInv}
  5490 | D:7      | Gained mutation: You have a small jelly attached to you
                  | that may absorb projectiles. [Jiyva's grace]
  5490 | D:7      | Gained mutation: You are agile. (Dex +4, Str/Int -1)
                  | [Jiyva's grace]
  5490 | D:7      | Gained mutation: You are very agile. (Dex +8, Str/Int -2)
                  | [Jiyva's grace]
  5490 | D:7      | Gained mutation: You are partially covered in iridescent
                  | scales. (AC +2) [Jiyva's grace]
  5637 | D:7      | Noticed Pikel
  5643 | D:7      | Killed Pikel
  5644 | D:7      | Reached skill level 8 in Fighting
  5660 | D:7      | Reached **** piety under Jiyva
  5742 | D:7      | Noticed a hornet
  5751 | D:7      | Killed a hornet
  5764 | D:7      | Found Ethrunt's Overcharged Wands.
  6216 | D:6      | Bought a scorched helmet for 285 gold pieces
  6216 | D:6      | Identified the +3 helmet of Maptuev {rN+ Str+4} (You bought
                  | it in a shop on level 6 of the Dungeon)
  6287 | D:8      | Reached skill level 9 in Fighting
  6333 | D:8      | Reached XP level 10. HP: 61/78 MP: 0/0
  6453 | D:8      | Found Goffizula's Assorted Antiques.
  6477 | D:8      | Reached ***** piety under Jiyva
  6487 | D:8      | Found Xeanass's Antique Armour Emporium.
  6521 | D:8      | Reached skill level 10 in Fighting
  6536 | D:8      | Found a staircase to the Lair.
  6813 | Lair:1   | Entered Level 1 of the Lair of Beasts
  6815 | Lair:1   | Noticed a rime drake
  6820 | Lair:1   | Killed a rime drake
  6920 | Lair:1   | Noticed a death yak
  6920 | Lair:1   | Noticed a death yak
  6922 | Lair:1   | Noticed a death yak
  6926 | Lair:1   | Noticed a death yak
  6941 | Lair:1   | Killed a death yak
  6944 | Lair:1   | Killed a death yak
  6945 | Lair:1   | Reached skill level 11 in Fighting
  6945 | Lair:1   | Reached XP level 11. HP: 76/87 MP: 0/0
  6945 | Lair:1   | Learned a level 4 spell: Airstrike
  6951 | Lair:1   | Killed a death yak
  6952 | Lair:1   | Killed a death yak
  7022 | Lair:1   | Reached skill level 12 in Fighting
  7318 | Lair:1   | Lost mutation: You are very agile. (Dex +8, Str/Int -2)
                  | [Jiyva's grace]
  7318 | Lair:1   | Gained mutation: Your flesh is almost immune to the effects
                  | of heat. (rF+++) [Jiyva's grace]
  7318 | Lair:1   | Gained mutation: Your rubbery body absorbs attacks. (AC +1,
                  | EV +1) [Jiyva's grace]
  7318 | Lair:1   | Gained mutation: Your pliable body absorbs attacks. (AC +2,
                  | EV +2) [Jiyva's grace]
  7318 | Lair:1   | Gained mutation: Your gelatinous body deflects attacks. (AC
                  | +3, EV +3) [Jiyva's grace]
  7476 | Lair:2   | Found a hole to the Spider Nest.
  7476 | Lair:2   | Noticed a wolf spider
  7484 | Lair:2   | Killed a wolf spider
  7525 | Lair:2   | Noticed a boulder beetle
  7529 | Lair:2   | Reached skill level 10 in Spellcasting
  7529 | Lair:2   | Reached skill level 10 in Conjurations
  7529 | Lair:2   | Reached skill level 10 in Hexes
  7529 | Lair:2   | Reached skill level 10 in Summonings
  7529 | Lair:2   | Reached skill level 10 in Necromancy
  7529 | Lair:2   | Reached skill level 10 in Translocations
  7529 | Lair:2   | Reached skill level 10 in Transmutations
  7529 | Lair:2   | Reached skill level 10 in Fire Magic
  7529 | Lair:2   | Reached skill level 10 in Ice Magic
  7529 | Lair:2   | Reached skill level 10 in Air Magic
  7529 | Lair:2   | Reached skill level 10 in Earth Magic
  7529 | Lair:2   | Reached skill level 10 in Poison Magic
  7549 | Lair:2   | Killed a boulder beetle
  7589 | Lair:2   | Noticed a boulder beetle
  7614 | Lair:2   | Killed a boulder beetle
  7615 | Lair:2   | Reached XP level 12. HP: 80/96 MP: 0/0
  7738 | Lair:2   | Reached skill level 13 in Fighting
  8698 | Lair:3   | Reached skill level 14 in Fighting
  8827 | Lair:3   | Found a sparkling altar of Nemelex Xobeh.
  8909 | Lair:3   | Found a staircase to the Swamp.
  8935 | Lair:3   | Reached ****** piety under Jiyva
  9369 | Lair:4   | Reached XP level 13. HP: 89/106 MP: 0/0
  9369 | Lair:4   | Learned a level 5 spell: Irradiate
  9569 | Lair:4   | Reached skill level 15 in Fighting
  9783 | Lair:4   | Noticed Snorg
  9788 | Lair:4   | Killed Snorg
  9810 | Lair:4   | Lost mutation: Your gelatinous body deflects attacks. (AC
                  | +3, EV +3) [Jiyva's grace]
  9810 | Lair:4   | Gained mutation: You expend health (3 HP) to strengthen
                  | your wands. [Jiyva's grace]
  9810 | Lair:4   | Gained mutation: You are somewhat resistant to further
                  | mutation. [Jiyva's grace]
  9810 | Lair:4   | Gained mutation: You are somewhat resistant to both further
                  | mutation and mutation removal. [Jiyva's grace]
  9810 | Lair:4   | Gained mutation: You are almost entirely resistant to
                  | further mutation and mutation removal. [Jiyva's grace]
  9817 | Lair:4   | Noticed a four-headed hydra
  9821 | Lair:4   | Killed a four-headed hydra
 10052 | Lair:4   | Found a runed translucent door.
 10052 | Lair:4   | Noticed an azure jelly
 10056 | Lair:4   | Found a staircase to the Slime Pits.
 10065 | Slime:1  | Entered Level 1 of the Pits of Slime
 10065 | Slime:1  | Noticed an azure jelly
 10073 | Slime:2  | Noticed an azure jelly
 10077 | Slime:2  | Noticed an azure jelly
 10090 | Slime:4  | Noticed a quicksilver ooze
 10090 | Slime:4  | Noticed a rockslime
 10091 | Slime:4  | Noticed a quicksilver ooze
 10092 | Slime:4  | Noticed an azure jelly
 10099 | Slime:5  | Entered Level 5 of the Pits of Slime
 10115 | Slime:5  | Got a slimy rune of Zot
 10118 | Slime:5  | Got a starry gem with 1449 turns to spare
 10120 | Slime:5  | Identified the +5 leather armour of Insecurity {rElec}
 10121 | Slime:5  | Noticed an acid blob
 10165 | Slime:5  | Noticed a rockslime
 10170 | Slime:5  | Noticed the Royal Jelly
 10174 | Slime:5  | Noticed a quicksilver ooze
 10179 | Slime:5  | Identified the ring "Vurure" {rPois Dex+4 SInv}
 10182 | Slime:5  | Noticed an acid blob
 10188 | Slime:5  | Noticed an acid blob
 10213 | Slime:5  | Noticed a great orb of eyes
 10222 | Slime:5  | Noticed a quicksilver ooze
 10225 | Slime:5  | Found a viscous altar of Jiyva.
 10236 | Slime:5  | Noticed an acid blob
 10251 | Slime:5  | Noticed an acid blob
 10258 | Slime:5  | Noticed a quicksilver ooze
 10265 | Slime:5  | Noticed an acid blob
 10268 | Slime:5  | Noticed an acid blob
 10283 | Slime:5  | Noticed a great orb of eyes
 10319 | Slime:5  | Noticed an azure jelly
 10331 | Slime:5  | Identified the staff of the Heavens {rElec rF+ rC- rN+
                  | Str+2 Air}
 10333 | Slime:5  | Identified the +12 broad axe of Capital Punishment {elec,
                  | rC+ rCorr}
 10440 | Slime:5  | Identified the +7 shortbow "Ren Ullo" {flame, rC- Dex+2
                  | Stlth+}
 10441 | Slime:5  | Identified the +0 chain mail of Yciph {Rampage}
 10467 | Slime:5  | Noticed an acid blob
 10579 | Slime:4  | Noticed an acid blob
 10793 | Lair:5   | Entered Level 5 of the Lair of Beasts
 10916 | Lair:5   | Noticed an eight-headed hydra
 10924 | Lair:5   | Killed an eight-headed hydra
 11090 | Lair:5   | Got an earthy gem with 17 turns to spare
 11106 | Lair:5   | Lost the earthy gem through the power of Zot.Buggy note
                  | description: unknown note type
 11122 | Lair:5   | Identified the +8 quarterstaff of Vuny {antimagic, rPois
                  | rF- rCorr Int+3}
 11167 | Lair:5   | Reached skill level 16 in Fighting
 11202 | Lair:5   | Reached XP level 14. HP: 101/116 MP: 0/0
 11578 | Lair:5   | Noticed a dire elephant
 12296 | Lair:5   | Killed a dire elephant
 12390 | Lair:5   | Noticed a dire elephant
 12406 | Lair:5   | Reached skill level 17 in Fighting
 12552 | Lair:5   | Killed a dire elephant
 12591 | Lair:5   | Identified the +5 scale mail of the Fiddle {rC+ Int+8}
 12885 | D:9      | Lost mutation: You have a small jelly attached to you that
                  | may absorb projectiles. [Jiyva's grace]
 12885 | D:9      | Gained mutation: You have a small jelly attached to you
                  | that senses nearby items. [Jiyva's grace]
 12885 | D:9      | Gained mutation: You are strong-willed. (Will+) [Jiyva's
                  | grace]
 12885 | D:9      | Gained mutation: You are highly strong-willed. (Will++)
                  | [Jiyva's grace]
 12885 | D:9      | Gained mutation: You are extremely strong-willed. (Will+++)
                  | [Jiyva's grace]
 12938 | D:9      | Found a white marble altar of Elyvilon.
 13481 | D:10     | Entered Level 10 of the Dungeon
 13787 | D:10     | Noticed Josephine
 13791 | D:10     | Killed Josephine
 14308 | D:11     | Reached XP level 15. HP: 107/124 MP: 0/0
 14308 | D:11     | Learned a level 6 spell: Simulacrum
 14462 | D:11     | Found a shadowy altar of Dithmenos.
 15178 | D:12     | Lost mutation: You are extremely strong-willed. (Will+++)
                  | [Jiyva's grace]
 15178 | D:12     | Lost mutation: You are highly strong-willed. (Will++)
                  | [Jiyva's grace]
 15178 | D:12     | Lost mutation: You are almost entirely resistant to further
                  | mutation and mutation removal. [Jiyva's grace]
 15178 | D:12     | Lost mutation: You have a small jelly attached to you that
                  | senses nearby items. [Jiyva's grace]
 15178 | D:12     | Lost mutation: You expend health (3 HP) to strengthen your
                  | wands. [Jiyva's grace]
 15178 | D:12     | Gained mutation: You are covered in slimy tendrils that may
                  | disarm your opponents. [Jiyva's grace]
 15178 | D:12     | Gained mutation: You are almost entirely resistant to
                  | further mutation and mutation removal. [Jiyva's grace]
 15178 | D:12     | Gained mutation: You have a small jelly attached to you
                  | that may absorb projectiles. [Jiyva's grace]
 15178 | D:12     | Gained mutation: You have a small jelly attached to you
                  | that senses nearby items. [Jiyva's grace]
 15255 | D:12     | Found Tameq's Magic Scroll Shop.
 15420 | D:12     | Found a staircase to the Orcish Mines.
 15452 | D:12     | Noticed Erolcha
 15455 | D:12     | Killed Erolcha
 15480 | D:12     | Found Juaraq's Distillery.
 15578 | D:12     | Found Zes Rojujo's Magic Scroll Boutique.
 15786 | D:12     | Found Punwua's Book Emporium.
 15794 | D:12     | Found Uxkiteuh's Armour Shop.
 15803 | D:12     | Bought the -1 pair of gloves of the Depths {rElec Will+}
                  | for 286 gold pieces
 15969 | Orc:1    | Entered Level 1 of the Orcish Mines
 15969 | Orc:1    | Found Ynturueh's Magic Scroll Emporium.
 16055 | Orc:1    | Bought a scroll of fear for 48 gold pieces
 16055 | Orc:1    | Bought a scroll of blinking for 90 gold pieces
 16068 | Orc:1    | You are sucked into a shaft and drop 1 floor!
 16068 | Orc:2    | Entered Level 2 of the Orcish Mines
 16196 | Orc:1    | Reached skill level 18 in Fighting
 16619 | Orc:2    | Found Veco's General Store.
 16621 | Orc:2    | Found Fupid's Magic Scroll Shoppe.
 16987 | Orc:2    | Found Saothera's Book Shoppe.
 17043 | Orc:2    | Found a staircase to the Elven Halls.
 17532 | Orc:2    | Found Xufyd's Antique Armour Boutique.
 17532 | Orc:2    | Found Rotyk's Jewellery Shop.
 17545 | Orc:2    | Found a one-way gate leading to the halls of Pandemonium.
 17549 | Orc:2    | Bought an amulet of reflection for 360 gold pieces
 17770 | D:13     | Lost mutation: You are agile. (Dex +4, Str/Int -1) [Jiyva's
                  | grace]
 17770 | D:13     | Lost mutation: You are strong-willed. (Will+) [Jiyva's
                  | grace]
 17770 | D:13     | Lost mutation: You are almost entirely resistant to further
                  | mutation and mutation removal. [Jiyva's grace]
 17770 | D:13     | Lost mutation: Your pliable body absorbs attacks. (AC +2,
                  | EV +2) [Jiyva's grace]
 17770 | D:13     | Lost mutation: You are covered in slimy tendrils that may
                  | disarm your opponents. [Jiyva's grace]
 17770 | D:13     | Lost mutation: You have a small jelly attached to you that
                  | senses nearby items. [Jiyva's grace]
 17770 | D:13     | Gained mutation: You have acidic saliva. [Jiyva's grace]
 17770 | D:13     | Gained mutation: Armour fits poorly on your pseudopods.
                  | [Jiyva's grace]
 17770 | D:13     | Gained mutation: Armour fits poorly on your large
                  | pseudopods. [Jiyva's grace]
 17770 | D:13     | Gained mutation: Armour fits poorly on your massive
                  | pseudopods. [Jiyva's grace]
 18598 | D:14     | Found a gate to the Vaults.
 18602 | D:14     | Reached XP level 16. HP: 126/134 MP: 0/0
 18604 | D:14     | Reached skill level 19 in Fighting
 18606 | D:14     | Reached skill level 15 in Spellcasting
 18606 | D:14     | Reached skill level 15 in Conjurations
 18606 | D:14     | Reached skill level 15 in Hexes
 18606 | D:14     | Reached skill level 15 in Summonings
 18606 | D:14     | Reached skill level 15 in Necromancy
 18606 | D:14     | Reached skill level 15 in Translocations
 18606 | D:14     | Reached skill level 15 in Transmutations
 18606 | D:14     | Reached skill level 15 in Fire Magic
 18606 | D:14     | Reached skill level 15 in Ice Magic
 18606 | D:14     | Reached skill level 15 in Air Magic
 18606 | D:14     | Reached skill level 15 in Earth Magic
 18606 | D:14     | Reached skill level 15 in Poison Magic
 18607 | D:14     | HP: 6/135 [centaur warrior/arrow (13)]
 18610 | D:14     | HP: 2/135 [centaur warrior/arrow (12)]
 18610 | D:14     | Shot with an arrow by a centaur

Illustrated notes

Levels and vault maps discovered:
D:1:      mrwooster_arrival_arrow, layout_loops_corners
D:2:      minmay_evil_eye, layout_loops_corners, uniq_robin
D:3:      layout_basic, portal_sewer_entry_d, cheibrodos_gnoll_hut
D:4:      layout_basic
D:5:      layout_rooms, minmay_temple_entry_junction, uniq_eustachio
D:6:      layout_basic, serial_shops, shop_fountains
D:7:      layout_loops_corners, nicolae_shop_overcharged_wands, uniq_pikel
D:8:      layout_basic, david_lair_generic, serial_shops,
          nicolae_shop_behind_doors, nicolae_shop_advertising_works
          [nicolae_subvault_shop_adworks], chequers_serial_rivers_small_3
D:9:      layout_roguey, nicolae_elyvilon_peaceful_grove, dk_noncrumbling_2
D:10:     layout_gridville, uniq_josephine
D:11:     layout_basic, nicolae_dithmenos_the_darkroom
D:12:     layout_cave_pods, erik_orc_4, serial_shops, shop, shop,
          nicolae_shop_just_a_little_nook, nicolae_shop_crystal,
          nicolae_square_shop, uniq_erolcha
D:13:     layout_loops_ring, serial_co_window_serial, co_window_corner_a,
          co_window_paths_a, co_window_paths_b, co_window_paths_a,
          co_window_of_opportunity_a, co_window_paths_a, co_window_corner_a,
          co_window_unsneaky_path_d, co_window_broadway_a, co_window_corner_ca,
          co_window_corner_b, co_window_broadway_b, co_window_2corner,
          glass_columns_c, glass_columns_a, glass_columns_a, glass_columns_a,
          glass_columns_a
D:14:     layout_basic, david_vaults_3, nrook_mini_backslash, uniq_lodul,
          uniq_azrael
Lair:1:   layout_loops_ring
Lair:2:   layout_misc_corridors, spider_nest_entry_rubble, serial_bayou_pond_b,
          minivault_25, chequers_serial_rivers_large_b
Lair:3:   layout_regular_city, swamp_mist, basic_altar, grunt_megastairs_4
Lair:4:   layout_cave_pods, slime_entry_2, wad_woods_road_05, uniq_snorg
Lair:5:   hangedman_lair_in_review, layout_cave_pods,
          hangedman_lair_caniforms_friends, portal_ice_cave_entry_imps,
          serial_rivers, chequers_serial_rivers_micro_a,
          chequers_serial_rivers_large_a, chequers_serial_rivers_micro_d,
          chequers_serial_rivers_micro_b, chequers_serial_rivers_small_b,
          infiniplex_staircase_pool
Slime:1:  cheibrodos_slime_lost_civilization_3, layout_caves
Slime:2:  layout_caves
Slime:3:  layout_caves
Slime:4:  layout_caves, uniq_dissolution
Slime:5:  slime_pit_nicolae_inversion
Orc:1:    layout_caves, serial_shops, shop
Orc:2:    pf_orc_diabolical, layout_caves, serial_shops, shop,
          einodemon_barbed_minivault

Skill      XL: |  1  2  3  4  5  6  7  8  9 10 11 12 13 14 15 16 |
---------------+-------------------------------------------------+-----
Fighting       | 1 2 3 4 5 7 9 11 12 14 16 17 18 19 | 19.0
Spellcasting   | 4 5 6 7 9 10 11 12 13 14 15 | 15.0
Conjurations   | 4 5 6 7 9 10 11 12 13 14 15 | 15.0
Hexes          | 4 5 6 7 9 10 11 12 13 14 15 | 15.0
Summonings     | 4 5 6 7 9 10 11 12 13 14 15 | 15.0
Necromancy     | 4 5 6 7 9 10 11 12 13 14 15 | 15.0
Translocations | 4 5 6 7 9 10 11 12 13 14 15 | 15.0
Transmutations | 4 5 6 7 9 10 11 12 13 14 15 | 15.0
Fire Magic     | 4 5 6 7 9 10 11 12 13 14 15 | 15.0
Ice Magic      | 4 5 6 7 9 10 11 12 13 14 15 | 15.0
Air Magic      | 4 5 6 7 9 10 11 12 13 14 15 | 15.0
Earth Magic    | 4 5 6 7 9 10 11 12 13 14 15 | 15.0
Poison Magic   | 4 5 6 7 9 10 11 12 13 14 15 | 15.0
Dodging        | |  2.1
Stealth        | |  1.5

Action                     |  1- 3 |  4- 6 |  7- 9 | 10-12 | 13-15 | 16-18 || total
---------------------------+-------+-------+-------+-------+-------+-------++-------
  Melee: Broad axe         |       |       |       |       |     6 |       ||     6
   Cast: Magic Dart        |    63 |   156 |   137 |    35 |       |       ||   391
         Searing Ray       |     2 |     1 |     9 |     3 |       |       ||    15
         Static Discharge  |       |     3 |    17 |       |       |       ||    20
         Sigil of Binding  |       |       |     3 |     1 |     7 |       ||    11
         Fulminant Prism   |       |       |    12 |    14 |    12 |       ||    38
         Iskenderun's Myst |       |       |    17 |   103 |   233 |     5 ||   358
         Flame Wave        |       |       |     2 |     6 |     5 |       ||    13
         Airstrike         |       |       |       |   100 |   645 |     1 ||   746
         Irradiate         |       |       |       |       |     3 |       ||     3
         Simulacrum        |       |       |       |       |     1 |       ||     1
    Use: Scroll            |       |    11 |     8 |       |     4 |     1 ||    24
         Potion            |       |       |       |     1 |     1 |     1 ||     3
 Armour: Robe              |     5 |    18 |    63 |    23 |    90 |    28 ||   227
  Dodge: Dodged            |     8 |    12 |    28 |    12 |    71 |    14 ||   145
  Block: Other             |       |       |       |       |     2 |     4 ||     6
         Reflection        |       |       |       |       |     1 |     3 ||     4

Table legend: (Time is in decaauts)
 A = Elapsed time spent in this place.
 B = Non-inter-level travel time spent in this place.
 C = Inter-level travel time spent in this place.
 D = Time resting spent in this place.
 E = Time spent auto-exploring this place.
 F = Levels seen in this place.
 G = Mean time per level.
                   A        B        C        D        E       F      G
               +--------+--------+--------+--------+--------+-----+--------+
         Total |  18618 |  17444 |   1174 |    120 |  14435 |  27 |  689.6 |
       Dungeon |  10466 |   9838 |    628 |    117 |   8348 |  14 |  747.6 |
          Lair |   5464 |   5100 |    364 |      3 |   4178 |   5 | 1092.8 |
    Slime Pits |    547 |    434 |    113 |      0 |    370 |   5 |  109.4 |
  Orcish Mines |   1638 |   1570 |     68 |      0 |   1146 |   2 |  819.0 |
         Sewer |    501 |    501 |      0 |      0 |    393 |   1 |  501.0 |
               +--------+--------+--------+--------+--------+-----+--------+

Top non-repeatable levels by time:
  Lair:5: 1892 daAuts
     D:2: 1269 daAuts
   Orc:2: 1158 daAuts
  Lair:2: 1024 daAuts
    D:11: 1017 daAuts
     D:1: 1005 daAuts
  Lair:4: 987 daAuts
    D:13: 972 daAuts
     D:4: 876 daAuts
  Lair:3: 862 daAuts
    D:12: 809 daAuts
     D:7: 809 daAuts
     D:3: 708 daAuts
  Lair:1: 697 daAuts
    D:10: 679 daAuts
